 Dungeon Crawl Stone Soup version 0.20-a0-382-g289d6af (webtiles) character file.

49 omnomnOMINOUS the Ducker (level 3, 0/26 HPs)
             Began as an Octopode Monk on Dec 29, 2016.
             Slain by a hobgoblin
             ... wielding a +0 club
              (4 damage)
             ... on level 1 of the Dungeon.
             The game lasted 00:02:57 (876 turns).

omnomnOMINOUS the Ducker (Octopode Monk)             Turns: 876, Time: 00:02:59

Health: 0/26       AC:  1    Str: 10    XL:     3   Next: 75%
Magic:  3/3        EV: 14    Int: 13    God:
Gold:   57         SH:  6    Dex: 14    Spells: 2/2 levels left

rFire  . . .     SeeInvis .     a - +0 falchion
rCold  . . .     Gourm    .     g - +2 buckler
rNeg   . . .     Faith    .     (helmet restricted)
rPois  .         Spirit   .     k - amulet of rage
rElec  .         Reflect  .     (no ring)
rCorr  .         Harm     .     (no ring)
MR     .....                    (no ring)
Stlth  +++.......               (no ring)
                                (no ring)
                                (no ring)
                                (no ring)
                                (no ring)

@: no status effects
A: almost no armour, stealthy swim, amphibious, 8 rings, constrict 8, camouflage
1, gelatinous body 1
a: Evoke Berserk Rage


You were on level 1 of the Dungeon.
You were not hungry.

You visited 1 branch of the dungeon, and saw 4 of its levels.

You collected 57 gold pieces.

Inventory:

Hand Weapons
 a - a +0 falchion (weapon)
 c - a +1 dagger of speed
Armour
 g - a +2 buckler (worn)
Jewellery
 k - an amulet of rage (around mantle)
Scrolls
 d - a scroll of identify {unknown}
 h - a scroll of enchant weapon {unknown}
 i - a scroll of teleportation {unknown}
 l - a scroll of enchant armour {unknown}
Potions
 e - a potion of might {unknown}
 j - a potion of brilliance {unknown}
 n - a potion of flight {unknown}
Comestibles
 b - 3 bread rations
 f - 6 chunks of flesh
 m - a meat ration


   Skills:
 * Level 3.3 Fighting
 * Level 3.4 Long Blades
 + Level 3.4 Dodging
 - Level 2.6 Stealth
 * Level 1.6 Shields


You had 2 spell levels left.
You didn't know any spells.

Dungeon Overview and Level Annotations

Branches:
Dungeon (4/15)
 Temple: D:4-7

Altars:
Hepliaklqana


Innate Abilities, Weirdness & Mutations

You cannot wear most types of armour.
You are very stealthy in the water. (Stealth+)
You are amphibious.
You can wear up to eight rings at the same time.
You can use your tentacles to constrict eight enemies at once.
Your skin changes colour to match your surroundings (Stealth+).
Your rubbery body absorbs attacks. (AC +1, EV +1)


Message History

Your grab misses the giant cockroach. You squeeze the giant cockroach.
You kill the giant cockroach!
The giant cockroach bites you.
* * * LOW HITPOINT WARNING * * *
You hit the giant cockroach. Your grab misses the giant cockroach.
Your squeeze misses the giant cockroach.
The giant cockroach is heavily wounded.
You block the giant cockroach's attack.
You hit the giant cockroach. You grab the giant cockroach.
The giant cockroach is almost dead.
You constrict the giant cockroach, but do no damage.
You block the giant cockroach's attack. The giant cockroach bites you.
* * * LOW HITPOINT WARNING * * *
You hit the giant cockroach.
You kill the giant cockroach!
You block the dart slug's attack.
Things that are here:
a dagger; a giant cockroach corpse x2
The hobgoblin hits you with a club.
You die...

... #... .... #.# #..# #.. #.#
#..# #> #####.# #..#### #.
#.....# #.....######. ### ####
#g###.# #............
##..##..###.# #w# #.....######.
##..).....#..###)# #..#.#.......
#.............gg@####..#.#.######
#..........###.........#.#.#
#........## #..#####..(.#.#
#...>....# #..########.#.#
#..........# #.............###
#..........# ##..#######......
##...!....## #.....# ###......
##..##..## #.###.###.....## ##.
#.!# ... #.......#^#


You could see a gnoll, a dart slug and a hobgoblin.

Vanquished Creatures
  A gnoll (D:2)
  An adder (D:3)
  A dart slug (D:3)
  A leopard gecko (D:1)
  2 ball pythons
  5 giant cockroaches
  4 goblins
  3 kobolds
  5 bats
  2 frilled lizards (D:1)
  3 rats
28 creatures vanquished.

Notes
Turn   | Place    | Note
-------+----------+-------------------------------------------
     0 | D:1      | omnomnOMINOUS the Octopode Monk began the quest for the Orb.
     0 | D:1      | Reached XP level 1. HP: 16/16 MP: 1/1
   202 | D:1      | Reached XP level 2. HP: 16/21 MP: 2/2
   309 | D:2      | Found a hazy altar of Hepliaklqana.
   446 | D:3      | Reached skill level 1 in Shields
   446 | D:3      | Reached XP level 3. HP: 19/26 MP: 3/3
   538 | D:4      | Noticed an ogre
   876 | D:1      | Slain by a hobgoblin

Vault maps used:
D:1:      grunt_arrival_crossed_arrows, st_stairs_5
D:2:      nicolae_overflow_hidden_temple, first_bread
D:3:      grunt_qazlal_clouds, lemuel_round_altar
D:4:      yredelemnul_forgotten_temple_becter, serial_shops, shop,
          makhleb_heckhound_becter

Skill      XL: |  1  2 |
---------------+-------+-----
Shields        | 1 |  1.6
Fighting       | |  3.3
Long Blades    | |  3.4
Dodging        | |  3.4
Stealth        | |  2.6

Action                   || total
-------------------------++-------
Melee: Falchion          ||    48
       Constrict         ||    16
       Tentacles         ||    13
 Stab: Sleeping          ||     5
Armor: Skin              ||     7
Dodge: Dodged            ||    26
Block: Buckler           ||    16
       Rpst.: Falchion   ||     9
